 Dungeon Crawl Stone Soup version 0.27-a0-34-gc18c9092ac (webtiles) character file.

Game seed: 9647910770702445165

16 kae the Skirmisher (level 2, 0/24 HPs)
             Began as a Demonspawn Monk on Jan 4, 2021.
             Slain by a kobold (4 damage)
             ... on level 1 of the Dungeon.
             The game lasted 00:00:21 (323 turns).

kae the Skirmisher (Demonspawn Monk)                 Turns: 323, Time: 00:00:21

Health: 0/24       AC:  2    Str: 11    XL:     2   Next: 41%
Magic:  2/2        EV: 13    Int: 11    God:
Gold:   0          SH:  0    Dex: 15    Spells: 1/1 levels left

rFire    . . .     SeeInvis .   e - +0 dagger
rCold    . . .     Faith    .   (no shield)
rNeg     . . .     Spirit   .   a - +0 robe
rPois    .         Reflect  .   (no helmet)
rElec    .         Harm     .   (no cloak)
rCorr    .         Rampage  .   (no gloves)
Will     .....                  (no boots)
Stlth    ++........             (no amulet)
HPRegen  0.08/turn              (no ring)
MPRegen  0.08/turn              (no ring)

@: no status effects
A: miasma immunity
a: no special abilities


You were on level 1 of the Dungeon.
You visited 1 branch of the dungeon, and saw 1 of its levels.

Inventory:

Hand Weapons
 e - a +0 dagger (weapon)
Armour
 a - a +0 robe (worn)
Scrolls
 b - a scroll of teleportation {unknown}
 c - a scroll of remove curse {unknown}
 d - a scroll of random uselessness {unknown}
 f - a scroll of identify {unknown}


   Skills:
 + Level 3.2 Fighting
 - Level 2.6 Dodging
 - Level 1.7 Stealth
 * Level 3.2 Unarmed Combat


You had one spell level left.
You didn't know any spells.
Your spell library was empty.

Dungeon Overview and Level Annotations

Branches:
Dungeon (1/15)

Altars:


Innate Abilities, Weirdness & Mutations

You are immune to miasma.


Message History

You kill the goblin!
The kobold hits you but does no damage.
You hit the kobold.
The kobold is moderately wounded.
The kobold hits you with a +0 short sword.
The kobold barely misses you.
You hit the kobold.
You kill the kobold!
The kobold hits you but does no damage. The dart slug launches a dart at you.
The slug dart hits you.
* * * LOW HITPOINT WARNING * * *
You cannot move.
You hit the dart slug but do no damage. The kobold hits you but does no damage.
You barely miss the dart slug.
You feel less wooden.
Your +0 robe unmelds from your body.
The dart slug bites you.
* * * LOW HITPOINT WARNING * * *
The kobold hits you.
You die...

#..# #.....#
#...##.....###....
#.#...............
.................
$..#...........#
...............#
#..(.......# #.#.###)...#
#....K@w# # . #..###### ##.
#....## ##... #.....#
######### #.(..
#.###.....###...8...###....
#.........##..8...8..##....
######....#8.........8#....
#.......8..(..8.......
#....#8.........8#....


You could see a dart slug and a kobold.

Vanquished Creatures
  A dart slug (D:1)
  2 goblins (D:1)
  3 hobgoblins (D:1)
  4 kobolds (D:1)
  A bat (D:1)
  A frilled lizard (D:1)
  A rat (D:1)
13 creatures vanquished.

Notes
Turn   | Place    | Note
-------+----------+-------------------------------------------
     0 | D:1      | kae the Demonspawn Monk began the quest for the Orb.
     0 | D:1      | Reached XP level 1. HP: 18/18 MP: 1/1
   148 | D:1      | Gained mutation: You are immune to miasma. [demonic
                  | ancestry]
   148 | D:1      | Reached XP level 2. HP: 24/24 MP: 2/2
   323 | D:1      | Slain by a kobold

Illustrated notes

Levels and vault maps discovered:
D:1:      erik_arrival_orb_chamber, layout_basic

Skill      XL: |  1 |
---------------+----+-----
Unarmed Combat | 3 |  3.2
Fighting       | |  3.2
Dodging        | |  2.6
Stealth        | |  1.7

Action                   || total
-------------------------++-------
Melee: Unarmed           ||    11
       Dagger            ||    47
  Use: Potion            ||     1
Armor: Robe              ||     6
       Skin              ||    25
Dodge: Dodged            ||    33

Table legend: (Time is in decaauts)
 A = Elapsed time spent in this place.
 B = Non-inter-level travel time spent in this place.
 C = Inter-level travel time spent in this place.
 D = Time resting spent in this place.
 E = Time spent auto-exploring this place.
 F = Levels seen in this place.
 G = Mean time per level.
                   A        B        C        D        E       F      G
               +--------+--------+--------+--------+--------+-----+--------+
         Total |    321 |    321 |      0 |      0 |    226 |   1 |  321.0 |
       Dungeon |    321 |    321 |      0 |      0 |    226 |   1 |  321.0 |
               +--------+--------+--------+--------+--------+-----+--------+

Top non-repeatable levels by time:
     D:1: 321 daAuts
